 Dungeon Crawl Stone Soup version 0.29.1-14-g9c671dbff4 (webtiles) character file.

Game seed: 15062665376193857303

77 raph the Magician (level 4, -1/32 HPs)
             Began as a Djinni Fire Elementalist on Feb 12, 2023.
             Slain by a white imp (3 damage)
             ... summoned by Natasha
             ... on level 2 of the Dungeon.
             The game lasted 00:02:31 (2617 turns).

raph the Magician (Djinni Fire Elementalist)        Turns: 2617, Time: 00:02:32

Health: -1/32      AC:  2    Str:  4 (7)  XL:     4   Next: 60%
Gold:   155        EV: 12    Int: 16 (18) God:
                   SH:  0    Dex: 11 (14)

rFire   + + .      SeeInvis .   h - +0 dagger
rCold   x . .      Faith    .   (no shield)
rNeg    . . .      Spirit   .   a - +0 robe
rPois   ∞          Reflect  .   (no helmet)
rElec   .          Harm     .   (no cloak)
rCorr   .          Rampage  .   (no gloves)
Will    .....                   (boots unavailable)
Stlth   ++........              (no amulet)
HPRegen 0.10/turn               (no ring)
MPRegen 0.00/turn               (no ring)

@: brilliant, attractive, flying
A: sickness immunity, fire resistance 2, cold vulnerability 1, float, innate
caster, HP casting, extra vitality 1
a: no special abilities


You were on level 2 of the Dungeon.
You visited 1 branch of the dungeon, and saw 2 of its levels.

You collected 155 gold pieces.

Inventory:

Hand Weapons
 h - a +0 dagger (weapon)
Missiles
 g - 3 poisoned darts
Armour
 a - a +0 robe (worn)
Scrolls
 c - a scroll of magic mapping {unknown}
 d - 2 scrolls of identify {unknown}
 e - 2 scrolls of butterflies {unknown}
 f - a scroll of poison {unknown}
Potions
 b - a potion of attraction
 j - 3 potions of degeneration
 k - a potion of mutation {unknown}


   Skills:
 + Level 1.4 Fighting
 + Level 2.9 Dodging
 + Level 2.2 Stealth
 * Level 3.1 Spellcasting


You couldn't memorise any spells.
You knew the following spells:

 Your Spells              Type           Power      Damage    Failure   Level
a - Foxfire               Conj/Fire      72%        2x1d7     4%          1
b - Scorch                Fire           36%        2d6       8%          2
c - Conjure Flame         Conj/Fire      18%        6-21      16%         3
d - Inner Flame           Hex/Fire       18%        N/A       16%         3
e - Flame Wave            Conj/Fire      18%        2d7       45%         4
f - Magic Dart            Conj           72%        1d6       4%          1
Your spell library was empty.

Dungeon Overview and Level Annotations

Branches:
Dungeon (2/15)

Altars:

Annotations:
D:2 Natasha


Innate Abilities, Weirdness & Mutations

You are immune to sickness and miasma.
You are immune to poison.
Your flesh is very heat resistant. (rF++)
You are vulnerable to cold. (rC-)
You float through the air rather than walking.
You learn spells naturally, not from books.
Your magical power is your life essence.
You have superior vitality. (+4 MHP)


Message History

The shadow imp hits you. The shadow imp hits you.
* * * LOW HITPOINT WARNING * * *
The shadow imp attacks as you move away!
The shadow imp hits you but does no damage.
Found a scroll labelled GECOBL KOGOIL.
The shadow imp shouts, "Scamper away, thou yeasty shard-borne pimple!"
The shadow imp attacks as you move away!
The shadow imp completely misses you.
Natasha hisses.
Okay, then.
Casting: Scorch (safe; 7% risk of failure)
Confirm with . or Enter, or press ? or * to list all spells.
Okay, then.
The shadow imp attacks as you move away!
The shadow imp hits you.
* * * LOW HITPOINT WARNING * * *
Found 10 gold pieces.
It was a potion of degeneration.
There was something very wrong with that liquid.
You feel weakened.
You feel dopey.
You feel clumsy.
The shadow imp hits you but does no damage.
The shadow imp attacks as you move away!
The shadow imp hits you.
* * * LOW HITPOINT WARNING * * *
It was a potion of attraction.
You feel attractive to monsters. The shadow imp closely misses you.
The white imp is attracted toward you. Natasha is attracted toward you.
The white imp attacks as you move away! The white imp barely misses you.
A worm comes into view.
Natasha mumbles some strange words.
You feel troubled. The worm is attracted toward you.
It was a potion of brilliance.
You feel clever all of a sudden. Natasha barely misses you.
The white imp hits you.
* * * LOW HITPOINT WARNING * * *
The white imp freezes you.
You feel a terrible chill!
You die...

♣♣♣.♣.†............. .§
#..♣.P.#...P#'##.... ...
#......#.P..#).#..⌠.
#.$.##..........#..#.P..
...w#.....5#...P##'#....
...#....♣.#.............
..[...♣..♣..............
..#...♣♣♣....♣.........
. ##..@55♣♣♣...♣...♣...
##..h.§##♣♣♣.♣♣.....
#.....##...........
#.....§...h.#.....#
#.....#############
........# ##......#
#.?....# ........#


You could see a worm, Natasha, a white imp (summoned) and a shadow imp
(summoned).

Vanquished Creatures
  An adder (D:2)
  3 gnolls (D:2)
  A dart slug (D:1)
  A bat (D:1)
  4 endoplasms
  A giant cockroach (D:2)
  4 goblins (D:2)
  6 hobgoblins
  4 jackals (D:1)
  3 quokkas
  2 frilled lizards (D:1)
  2 rats
32 creatures vanquished.

Vanquished Creatures (collateral kills)
  3 foxfires
3 creatures vanquished.

Vanquished Creatures (others)
  77 foxfires
  24 plants (D:2)
101 creatures vanquished.

Grand Total: 136 creatures vanquished

Notes
Turn   | Place    | Note
-------+----------+-------------------------------------------
     0 | D:1      | raph the Djinni Fire Elementalist began the quest for the
                  | Orb.
     0 | D:1      | raph set off with the following spells memorised: Foxfire,
                  | Scorch, Conjure Flame, Inner Flame, Flame Wave.
     0 | D:1      | Reached XP level 1. HP: 15/15 MP: 0/0
   537 | D:1      | Reached XP level 2. HP: 20/22 MP: 0/0
   834 | D:1      | Found a faded altar of an unknown god.
  1179 | D:1      | Reached XP level 3. HP: 23/26 MP: 0/0
  1179 | D:1      | Learned a level 1 spell: Magic Dart
  1896 | D:2      | Reached skill level 1 in Fighting
  2224 | D:2      | Reached XP level 4. HP: 27/32 MP: 0/0
  2306 | D:2      | Reached skill level 3 in Spellcasting
  2592 | D:2      | Noticed Natasha
  2617 | D:2      | Slain by a white imp

Illustrated notes

Levels and vault maps discovered:
D:1:      dpeg_arrival_round_c, layout_basic, nicolae_ecumenical_lake_church,
          palyth_stone_intersect, solitary_fountain, chequers_big_river,
          serial_park_tiny_1
D:2:      wad_woods_settlement, layout_basic, hangedman_decor_clover_reticule,
          grunt_ministairs_6, uniq_natasha

Skill      XL: |  1  2  3  4 |
---------------+-------------+-----
Fighting       | 1 |  1.4
Stealth        | 2 |  2.2
Spellcasting   | 3 |  3.1
Dodging        | |  2.9

Action                   |  1- 3 |  4- 6 || total
-------------------------+-------+-------++-------
Melee: Unarmed           |     2 |       ||     2
       Dagger            |       |     2 ||     2
 Cast: Foxfire           |    51 |       ||    51
       Scorch            |     4 |     9 ||    13
  Use: Potion            |       |     3 ||     3
 Stab: Sleeping          |       |     2 ||     2
Armor: Robe              |     5 |     2 ||     7
Dodge: Dodged            |     8 |     9 ||    17
